 Dungeon Crawl Stone Soup version 0.27.1-3-gb3d3a73c9e (webtiles) character file.

Game seed: 347843069436291655

31 horus123 the Ducker (level 3, 0/27 HPs)
             Began as a Human Gladiator on Oct 31, 2021.
             Slain by a gnoll (4 damage)
             ... on level 2 of the Dungeon.
             The game lasted 00:03:41 (1209 turns).

horus123 the Ducker (Human Gladiator)               Turns: 1209, Time: 00:03:42

Health: 0/27       AC: 13    Str: 14    XL:     3   Next: 40%
Magic:  3/3        EV:  7    Int: 14    God:
Gold:   90         SH:  0    Dex: 15    Spells: 2/2 levels left

rFire    . . .     SeeInvis .   a - +0 long sword (chaos)
rCold    + . .     Faith    .   (no shield)
rNeg     . . .     Spirit   .   i - +2 chain mail {rC+}
rPois    .         Reflect  .   c - +0 helmet
rElec    .         Harm     .   (no cloak)
rCorr    .         Rampage  .   (no gloves)
Will     .....                  e - +1 pair of boots {Fly}
Stlth    ..........             (no amulet)
HPRegen  0.09/turn              g - +6 ring of intelligence
MPRegen  0.08/turn              (no ring)

@: flying
A: no striking features
a: no special abilities


You were on level 2 of the Dungeon.
You visited 1 branch of the dungeon, and saw 2 of its levels.

You collected 90 gold pieces.

Inventory:

Hand Weapons
 a - a +0 long sword of chaos (weapon)
Missiles
 d - 3 throwing nets (quivered)
Armour
 b - a +0 leather armour
 c - a +0 helmet (worn)
 e - a +1 pair of boots of flying (worn)
 i - a +2 chain mail of cold resistance (worn)
Jewellery
 g - a +6 ring of intelligence (left hand)
Potions
 j - 2 potions of might {unknown}
 k - a potion of heal wounds {unknown}


   Skills:
 - Level 2.0 Fighting
 - Level 3.0 Long Blades
 - Level 2.0 Throwing
 + Level 1.1 Armour
 - Level 4.0 Dodging


You had 2 spell levels left.
You didn't know any spells.
Your spell library contained the following spells:

 Spells                   Type           Power      Damage    Failure   Level
 Call Canine Familiar     Summ           0%         N/A       100%        3
 Portal Projectile        Hex/Tloc       0%         N/A       100%        3
 Summon Guardian Golem    Hex/Summ       0%         N/A       100%        3
 Leda's Liquefaction      Hex/Erth       0%         N/A       100%        4
 Orb of Destruction       Conj           0%         N/A       100%        7
 Spellforged Servitor     Conj/Summ      0%         N/A       100%        7


Dungeon Overview and Level Annotations

Branches:
Dungeon (2/15)

Altars:
Gozag


Message History

The ball python constricts you. The gnoll hits you but does no damage.
You hit the gnoll.
The gnoll is lightly wounded.
The ball python bites you but does no damage.
The ball python constricts you.
The gnoll hits you but does no damage. x2
The ball python bites you.
* * * LOW HITPOINT WARNING * * *
The ball python constricts you.
The gnoll hits you from afar with a +0 spear.
* * * LOW HITPOINT WARNING * * *
It was a potion of curing.
You feel better. The gnoll hits you with a +0 club.
* * * LOW HITPOINT WARNING * * *
The ball python bites you but does no damage.
The ball python constricts you.
The gnoll hits you from afar with a +0 spear.
* * * LOW HITPOINT WARNING * * *
You feel better. The gnoll hits you but does no damage.
The ball python bites you but does no damage.
The ball python constricts you.
The gnoll hits you from afar with a +0 spear.
* * * LOW HITPOINT WARNING * * *
You hit the gnoll. You freeze the gnoll.
The gnoll is moderately wounded.
The ball python bites you but does no damage.
The ball python constricts you.
* * * LOW HITPOINT WARNING * * *
The gnoll hits you but does no damage.
The gnoll hits you from afar with a +0 spear.
* * * LOW HITPOINT WARNING * * *
The ball python bites you but does no damage.
The ball python constricts you.
* * * LOW HITPOINT WARNING * * *
The gnoll hits you but does no damage.
You escape the ball python's grasp.
The gnoll closely misses you.
You riposte.
You closely miss the gnoll.
The gnoll is moderately wounded.
You hit the gnoll.
The gnoll is poisoned.
The gnoll is heavily wounded.
The gnoll hits you with a +0 club.
You die...

#####.##...#..##.###.♣ ≈≈≈..≈.≈
#..#.#.....#.# #.♣ P≈≈≈..P≈
##..<#..##.#.###.♣ ≈≈≈...≈≈
#.....###.......♣♣≈≈....≈≈
######..#### ###.##...♣≈≈....≈≈
#.......# ##......♣≈≈≈..≈≈≈
..................##...♣≈≈...≈≈
..##.........###.# #....♣...≈≈
####.........# #@###........≈≈≈
.............# #gS##........♣≈P
####.........# ##r##.r..####P≈≈
#.........# #gg.g...# P≈
#.######### ####....# #....# #
#....# .. ###.## ## .#


You could see 3 gnolls, a quokka and a ball python.

Vanquished Creatures
  A gnoll (D:2)
  2 ball pythons (D:1)
  4 endoplasms
  2 goblins
  4 jackals (D:1)
  4 kobolds (D:1)
  A bat (D:1)
  A rat (D:2)
19 creatures vanquished.

Notes
Turn   | Place    | Note
-------+----------+-------------------------------------------
     0 | D:1      | horus123 the Human Gladiator began the quest for the Orb.
     0 | D:1      | Reached XP level 1. HP: 16/16 MP: 1/1
   223 | D:1      | Reached XP level 2. HP: 19/22 MP: 2/2
   476 | D:1      | Found a faded altar of an unknown god.
  1099 | D:2      | Reached skill level 4 in Dodging
  1099 | D:2      | Reached XP level 3. HP: 26/27 MP: 3/3
  1154 | D:2      | Found an opulent altar of Gozag.
  1201 | D:2      | Reached skill level 1 in Armour
  1204 | D:2      | HP: 1/27 [gnoll (3)]
  1209 | D:2      | Slain by a gnoll

Illustrated notes

Levels and vault maps discovered:
D:1:      minmay_arrival_arboretum_small, layout_loops_ring,
          chequers_ecumenical_altar_grove, chequers_big_river,
          chequers_serial_rivers_micro_c
D:2:      layout_rooms, basic_altar, serial_bayou_ford_a

Skill      XL: |  1  2  3 |
---------------+----------+-----
Dodging        | 4 |  4.0
Armour         | 1 |  1.1
Fighting       | |  2.0
Long Blades    | |  3.0
Throwing       | |  2.0

Action                   || total
-------------------------++-------
Melee: Long sword        ||    48
  Use: Scroll            ||     2
       Potion            ||     2
Armor: Leather armour    ||    19
       Chain mail        ||    26
Dodge: Dodged            ||    39
       Rpst.: Long sword ||    16
